General information
- name: BNet
- type: Ladder team game (AT/RT)
- host: Battle.net
- saver: VELOX_NEB
map: Cherryville
- players: 8
- length: 23:41
- speed: Fast
- version: 1.21 W3XP
- replay type: Public
» download(177 KB)
Players
team 1 (winner)
armeca (
pink | 50 APM | 1184 actions | 23:41)
3 Firelord
2 Summon Lava Spawn
1 Soul Burn
1 Paladin
1 Holy Light
» actions
| Assign group hotkey | 39 | |
| Basic commands | 36 | |
| Build / train | 72 | |
| ESC pressed | 2 | |
| Enter build submenu | 40 | |
| Enter hero's abilities submenu | 4 | |
| Right click | 460 | |
| Select / deselect | 395 | |
| Select group hotkey | 48 | |
| Use ability | 88 | |
1184 total
» units
| Peasant | 20 | |
| Footman | 25 | |
| Dragonhawk Rider | 6 | |
51 total
» upgrades
| Defend | 1 | |
| Masonry | 1 | |
| Lumber Harvesting | 1 | |
| Cloud | 1 | |
4 total
» buildings
| Farm | 11 | |
| Altar of Kings | 1 | |
| Barracks | 6 | |
| Town Hall | 5 | |
| Keep | 1 | |
| Lumber Mill | 1 | |
| Gryphon Aviary | 3 | |
| Arcane Vault | 1 | |
| Castle | 4 | |
33 total
» build order
00:10 Farm
00:20 Altar of Kings
00:55 Barracks
01:11 Barracks
01:35 Farm
03:01 Barracks
05:44 Farm
06:12 Farm
06:45 Farm
06:46 Farm
07:08 Town Hall
07:17 Town Hall
07:45 Farm
07:54 Farm
08:30 Farm
08:33 Barracks
08:35 Barracks
09:47 Keep
10:02 Farm
10:04 Farm
11:44 Town Hall
13:16 Town Hall
14:28 Barracks
15:34 Lumber Mill
16:56 Town Hall
17:04 Gryphon Aviary
17:06 Gryphon Aviary
18:31 Arcane Vault
18:47 Gryphon Aviary
20:42 Castle
20:42 Castle
20:43 Castle
» items
| Scroll of Town Portal | 1 | |
| Scroll of Regeneration | 1 | |
| Lesser Clarity Potion | 1 | |
3 total
GustauveVIII (
yellow | 81 APM | 1929 actions | 23:41)
6 Firelord
3 Summon Lava Spawn
2 Soul Burn
1 Volcano
» actions
| Assign group hotkey | 10 | |
| Basic commands | 2 | |
| Build / train | 45 | |
| ESC pressed | 9 | |
| Enter build submenu | 17 | |
| Enter hero's abilities submenu | 6 | |
| Remove unit from queue | 6 | |
| Right click | 1063 | |
| Select / deselect | 552 | |
| Select group hotkey | 176 | |
| Use ability | 43 | |
1929 total
» units
» upgrades
| Improved Bows | 1 | |
| Strength of the Moon | 2 | |
| Marksmanship | 1 | |
4 total
» buildings
| Ancient of War | 4 | |
| Altar of Elders | 1 | |
| Moon Well | 6 | |
| Hunter's Hall | 1 | |
| Tree of Ages | 2 | |
| Tree of Eternity | 1 | |
| Ancient of Wind | 3 | |
| Ancient Protector | 1 | |
19 total
» build order
00:47 Ancient of War
00:48 Ancient of War
00:56 Altar of Elders
01:04 Moon Well
03:00 Moon Well
04:34 Hunter's Hall
05:00 Moon Well
05:54 Moon Well
06:58 Tree of Ages
06:58 Tree of Ages
07:48 Ancient of War
07:48 Ancient of War
09:53 Tree of Eternity
13:52 Moon Well
13:53 Moon Well
15:05 Ancient of Wind
16:46 Ancient of Wind
16:50 Ancient of Wind
18:21 Ancient Protector
little-numbnuts (
green | 42 APM | 997 actions | 23:41)
5 Firelord
3 Summon Lava Spawn
2 Soul Burn
» actions
| Basic commands | 1 | |
| Build / train | 40 | |
| Enter build submenu | 78 | |
| Enter hero's abilities submenu | 5 | |
| Right click | 483 | |
| Select / deselect | 297 | |
| Use ability | 93 | |
997 total
» units
» upgrades
| Spiked Barricades | 1 | |
| Reinforced Defenses | 1 | |
2 total
» buildings
| Orc Burrow | 5 | |
| Altar of Storms | 1 | |
| War Mill | 1 | |
| Watch Tower | 63 | |
| Stronghold | 1 | |
| Voodoo Lounge | 1 | |
| Fortress | 1 | |
| Beastiary | 2 | |
75 total
» build order
00:23 Orc Burrow
00:45 Altar of Storms
01:44 War Mill
02:57 Watch Tower
02:59 Watch Tower
03:01 Watch Tower
03:38 Watch Tower
03:39 Watch Tower
04:10 Watch Tower
04:44 Watch Tower
04:48 Watch Tower
04:54 Watch Tower
05:11 Watch Tower
05:40 Watch Tower
06:38 Orc Burrow
06:42 Orc Burrow
07:08 Watch Tower
07:10 Watch Tower
07:13 Watch Tower
07:13 Watch Tower
07:41 Watch Tower
07:43 Watch Tower
08:25 Watch Tower
08:26 Watch Tower
08:50 Watch Tower
09:02 Watch Tower
09:02 Watch Tower
09:34 Watch Tower
09:35 Watch Tower
10:04 Watch Tower
10:05 Watch Tower
10:07 Watch Tower
10:32 Watch Tower
10:39 Watch Tower
10:40 Watch Tower
10:46 Watch Tower
11:38 Watch Tower
11:46 Watch Tower
12:00 Watch Tower
12:02 Watch Tower
12:03 Watch Tower
12:38 Watch Tower
12:42 Watch Tower
12:55 Watch Tower
13:13 Watch Tower
13:21 Watch Tower
13:32 Watch Tower
13:54 Watch Tower
13:56 Watch Tower
14:09 Watch Tower
15:04 Watch Tower
15:11 Stronghold
15:20 Voodoo Lounge
15:36 Watch Tower
15:36 Watch Tower
15:37 Watch Tower
15:41 Watch Tower
16:00 Watch Tower
16:04 Watch Tower
16:37 Watch Tower
17:38 Fortress
17:39 Beastiary
18:22 Watch Tower
18:24 Watch Tower
18:28 Watch Tower
18:32 Watch Tower
18:46 Orc Burrow
19:46 Beastiary
20:00 Orc Burrow
20:04 Watch Tower
20:04 Watch Tower
20:05 Watch Tower
22:01 Watch Tower
22:02 Watch Tower
22:04 Watch Tower
X_MavHunter (
orange | 81 APM | 1911 actions | 23:41)
4 Firelord
2 Summon Lava Spawn
2 Soul Burn
1 Paladin
1 Holy Light
» actions
| Assign group hotkey | 21 | |
| Basic commands | 31 | |
| Build / train | 96 | |
| Enter build submenu | 26 | |
| Enter hero's abilities submenu | 5 | |
| Right click | 875 | |
| Select / deselect | 517 | |
| Select group hotkey | 263 | |
| Use ability | 77 | |
1911 total
» units
| Peasant | 14 | |
| Footman | 37 | |
| Mortar Team | 6 | |
| Siege Engine | 8 | |
65 total
» upgrades
| Defend | 1 | |
| Plating | 2 | |
| Gunpowder | 2 | |
| Flare | 1 | |
| Lumber Harvesting | 2 | |
| Barrage | 1 | |
9 total
» buildings
| Altar of Kings | 1 | |
| Farm | 12 | |
| Barracks | 4 | |
| Lumber Mill | 1 | |
| Blacksmith | 1 | |
| Keep | 1 | |
| Workshop | 2 | |
| Castle | 4 | |
| Town Hall | 1 | |
27 total
» build order
00:32 Altar of Kings
00:46 Farm
01:10 Barracks
01:20 Farm
01:49 Barracks
02:04 Farm
02:28 Lumber Mill
02:49 Farm
04:32 Farm
05:17 Blacksmith
06:48 Barracks
07:29 Keep
07:46 Farm
08:11 Farm
09:33 Farm
09:54 Workshop
10:17 Farm
10:37 Barracks
11:01 Farm
15:05 Castle
15:05 Castle
15:05 Castle
15:05 Castle
15:35 Town Hall
16:28 Workshop
22:04 Farm
22:49 Farm
team 2 (loser)
Panda_Slammed (
red | 53 APM | 1237 actions | 23:30)
5 Blademaster
3 Wind Walk
2 Critical Strike
» actions
| Basic commands | 249 | |
| Build / train | 23 | |
| Enter build submenu | 27 | |
| Enter hero's abilities submenu | 6 | |
| Right click | 566 | |
| Select / deselect | 297 | |
| Use ability | 68 | |
1237 total
» units
» buildings
| Altar of Storms | 2 | |
| Orc Burrow | 2 | |
| War Mill | 1 | |
| Watch Tower | 15 | |
| Voodoo Lounge | 1 | |
| Stronghold | 1 | |
22 total
» build order
00:05 Altar of Storms
00:09 Orc Burrow
00:35 War Mill
02:05 Watch Tower
03:27 Watch Tower
03:30 Watch Tower
03:31 Watch Tower
03:33 Watch Tower
03:50 Voodoo Lounge
04:36 Watch Tower
04:53 Watch Tower
04:56 Watch Tower
04:58 Watch Tower
04:59 Watch Tower
05:09 Watch Tower
05:11 Watch Tower
05:14 Stronghold
05:38 Watch Tower
05:40 Watch Tower
05:42 Watch Tower
06:59 Orc Burrow
07:03 Altar of Storms
» items
| Healing Salve | 1 | |
| Lesser Clarity Potion | 2 | |
| Scroll of Speed | 1 | |
| Orb of Fire | 1 | |
| Scroll of Regeneration | 1 | |
6 total
PistophChrstoph (
blue | 37 APM | 525 actions | 14:20)
1 Blademaster
1 Wind Walk
» actions
| Assign group hotkey | 11 | |
| Basic commands | 68 | |
| Build / train | 20 | |
| ESC pressed | 2 | |
| Enter build submenu | 20 | |
| Enter hero's abilities submenu | 1 | |
| Right click | 181 | |
| Select / deselect | 170 | |
| Select group hotkey | 10 | |
| Use ability | 42 | |
525 total
» units
» buildings
| Orc Burrow | 3 | |
| Altar of Storms | 2 | |
| War Mill | 2 | |
| Voodoo Lounge | 1 | |
| Watch Tower | 15 | |
23 total
» build order
00:07 Orc Burrow
00:10 Altar of Storms
01:07 War Mill
01:38 Orc Burrow
03:57 Voodoo Lounge
04:24 Watch Tower
05:10 Watch Tower
05:12 Watch Tower
05:49 Watch Tower
05:50 Watch Tower
05:51 Watch Tower
06:10 Watch Tower
06:11 Watch Tower
06:58 Watch Tower
06:59 Watch Tower
07:02 Watch Tower
07:03 Watch Tower
07:04 Watch Tower
07:49 Watch Tower
07:50 Watch Tower
09:57 War Mill
11:30 Altar of Storms
13:05 Orc Burrow
» items
| Healing Salve | 1 | |
| Lesser Clarity Potion | 1 | |
| Scroll of Town Portal | 1 | |
3 total
VELOX_NEB (
purple | 52 APM | 1238 actions | 23:41)
4 Archmage
2 Blizzard
2 Brilliance Aura
» actions
| Assign group hotkey | 11 | |
| Basic commands | 102 | |
| Build / train | 78 | |
| ESC pressed | 2 | |
| Enter build submenu | 35 | |
| Enter hero's abilities submenu | 4 | |
| Right click | 596 | |
| Select / deselect | 281 | |
| Select group hotkey | 49 | |
| Use ability | 80 | |
1238 total
» units
» upgrades
| Masonry | 1 | |
| Swords | 1 | |
| Storm Hammers | 1 | |
| Armor | 1 | |
4 total
» buildings
| Altar of Kings | 1 | |
| Lumber Mill | 1 | |
| Farm | 15 | |
| Scout Tower | 23 | |
| Guard Tower | 16 | |
| Arcane Vault | 1 | |
| Keep | 1 | |
| Blacksmith | 1 | |
| Town Hall | 1 | |
| Gryphon Aviary | 2 | |
| Castle | 1 | |
| Barracks | 1 | |
64 total
» build order
00:08 Altar of Kings
00:14 Lumber Mill
00:36 Farm
01:23 Scout Tower
01:25 Scout Tower
01:51 Scout Tower
01:51 Scout Tower
01:52 Scout Tower
01:55 Scout Tower
01:56 Scout Tower
01:57 Guard Tower
02:00 Guard Tower
02:03 Scout Tower
02:03 Scout Tower
02:08 Scout Tower
02:09 Scout Tower
02:11 Scout Tower
02:12 Scout Tower
02:33 Guard Tower
02:34 Guard Tower
02:40 Guard Tower
02:44 Guard Tower
02:46 Farm
03:00 Guard Tower
03:01 Guard Tower
03:03 Scout Tower
03:04 Scout Tower
03:26 Guard Tower
03:53 Guard Tower
04:24 Arcane Vault
04:43 Farm
06:14 Scout Tower
06:16 Scout Tower
06:17 Scout Tower
06:22 Scout Tower
06:22 Scout Tower
06:23 Scout Tower
06:58 Guard Tower
07:12 Keep
07:15 Guard Tower
07:30 Guard Tower
07:48 Guard Tower
07:54 Scout Tower
08:25 Blacksmith
08:35 Guard Tower
08:42 Scout Tower
09:28 Guard Tower
09:32 Town Hall
09:40 Gryphon Aviary
09:42 Castle
10:01 Gryphon Aviary
10:06 Farm
10:07 Farm
12:37 Farm
12:38 Farm
12:46 Farm
12:47 Farm
13:19 Farm
13:29 Farm
13:30 Farm
14:00 Farm
14:11 Barracks
17:24 Farm
17:25 Farm
» items
| Scroll of Regeneration | 1 | |
| Lesser Clarity Potion | 2 | |
| Potion of Healing | 3 | |
| Potion of Mana | 1 | |
| Healing Salve | 1 | |
| Scroll of Town Portal | 2 | |
10 total
wumb0 (
teal | 88 APM | 1815 actions | 20:43)
2 Blademaster
1 Wind Walk
1 Critical Strike
» actions
| Assign group hotkey | 105 | |
| Basic commands | 19 | |
| Build / train | 35 | |
| Enter build submenu | 28 | |
| Enter hero's abilities submenu | 2 | |
| Right click | 926 | |
| Select / deselect | 239 | |
| Select group hotkey | 389 | |
| Use ability | 72 | |
1815 total
» units
» upgrades
» buildings
| Altar of Storms | 1 | |
| Orc Burrow | 5 | |
| War Mill | 1 | |
| Watch Tower | 17 | |
| Voodoo Lounge | 1 | |
| Stronghold | 2 | |
| Beastiary | 2 | |
29 total
» build order
00:09 Altar of Storms
00:22 Orc Burrow
00:45 War Mill
01:40 Orc Burrow
02:20 Watch Tower
03:36 Watch Tower
04:39 Voodoo Lounge
04:46 Orc Burrow
05:06 Watch Tower
05:55 Watch Tower
06:17 Watch Tower
06:19 Watch Tower
06:24 Watch Tower
06:26 Watch Tower
06:56 Stronghold
07:34 Watch Tower
07:37 Watch Tower
07:38 Watch Tower
07:40 Watch Tower
08:31 Watch Tower
08:33 Watch Tower
09:01 Watch Tower
09:02 Watch Tower
09:04 Watch Tower
09:22 Beastiary
09:27 Beastiary
10:03 Orc Burrow
10:12 Orc Burrow
» items
| Healing Salve | 1 | |
| Lesser Clarity Potion | 1 | |
2 total
Chat log
(01:03 / Allies) VELOX_NEB: toss me just a little wood if you can
(01:10 / Allies) VELOX_NEB: wumbo too
(01:12 / Allies) VELOX_NEB: 8
(01:19 / Allies) wumb0: ?
(01:31 / Allies) VELOX_NEB: bc we're in front
(01:35 / Allies) VELOX_NEB: but w/e prolly can't
(01:37 / Allies) wumb0: oh right
(03:19 / Allies) VELOX_NEB: wooidd
(04:26 / Allies) VELOX_NEB: go
(04:29 / Allies) VELOX_NEB: i think i'm good
(06:45 / Allies) VELOX_NEB: get peons out
(07:23 / Allies) VELOX_NEB: i had the feeling
(07:26 / Allies) VELOX_NEB: 2 hu 1 orc 1 ne
(07:41 / Allies) VELOX_NEB: this shit is brilliant
(08:08 / Allies) VELOX_NEB: spikjes?
(08:10 / Allies) VELOX_NEB: nooooo
(08:44 / All) PistophChrstoph: congrats i must say nj
(08:50 / All) armeca: ty
(08:51 / All) armeca: gg
(08:57 / Allies) VELOX_NEB: o i know armeca
(09:06 / All) VELOX_NEB: hey armeca
(09:10 / All) VELOX_NEB: branched out i see
(09:10 / All) armeca: hola?
(09:17 / All) armeca: What you mean?
(09:44 / Allies) VELOX_NEB: i gave a lot back
(10:15 / Allies) VELOX_NEB: give me whatever you have
(10:30 / Allies) VELOX_NEB: spikes wumbo
(10:32 / Allies) VELOX_NEB: need spikes
(10:47 / Allies) wumb0: researched
(12:17 / All) armeca: Want to do us the curteous of leaving?
(12:26 / All) VELOX_NEB: no
(12:29 / All) armeca: ):
(13:22 / Allies) VELOX_NEB: do so
(13:25 / Allies) VELOX_NEB: i'll try
(14:23 / All) armeca: gg
(14:50 / All) little-numbnuts: air.
(15:08 / Allies) VELOX_NEB: w/e it's over
(15:12 / Allies) VELOX_NEB: i just want to go out
(15:26 / Allies) VELOX_NEB: i don't have enough for 2 tech trees vs 300 food tbh
(16:03 / Allies) VELOX_NEB: they send peasant
(16:08 / Allies) Panda_Slammed: dont hit mains
(16:11 / Allies) Panda_Slammed: they have towrers
(16:18 / All) armeca: hola
(16:21 / Allies) wumb0: hah gay
(16:37 / Allies) Panda_Slammed: rape that
(17:32 / Allies) wumb0: kill wisps?
(17:33 / Allies) VELOX_NEB: someone take the griffs
(17:37 / Allies) VELOX_NEB: do something
(18:22 / Allies) wumb0: should cutoff the footmen
(18:24 / Allies) wumb0: as they retreat
(18:25 / Allies) Panda_Slammed: hero
(18:29 / Allies) Panda_Slammed: dead
(18:41 / Allies) Panda_Slammed: rape that
(18:43 / Allies) Panda_Slammed: ill tank
(19:11 / Allies) Panda_Slammed: towrers
(19:16 / Allies) VELOX_NEB: too many
(19:19 / Allies) VELOX_NEB: i'll lose too much
(19:21 / Allies) Panda_Slammed: ilkl tank
(19:32 / Allies) wumb0: back to here
(19:35 / Allies) wumb0: archers gone
(19:40 / All) little-numbnuts: gg...
(19:41 / All) armeca: it LIVES
(19:57 / Allies) VELOX_NEB: we should've base traded at the beginning
(19:58 / All) armeca: /waiste time 4tw!
(20:07 / All) VELOX_NEB: stfu armeca
(20:09 / Allies) wumb0: orc was towering
(20:11 / All) VELOX_NEB: you're not the boss of me
(20:12 / All) armeca: lol
(20:14 / Allies) wumb0: and we didn't have any units
(20:17 / All) armeca: i should be
(20:35 / Allies) VELOX_NEB: fuck it
(20:38 / All) little-numbnuts: nice lol
(20:39 / Allies) VELOX_NEB: i'm leaving
(20:44 / Allies) VELOX_NEB: this shit pisses me off
(20:48 / Allies) VELOX_NEB: i'll just hang out
(20:52 / All) VELOX_NEB: gg
(20:57 / All) armeca: gg
(21:00 / All) little-numbnuts: you made me tech...
(23:39 / All) armeca: u bad
(23:40 / All) armeca: u mad